 Dungeon Crawl Stone Soup version 0.22-a0-268-g1cc83ef (webtiles) character file.

8715 nikopol the Thaumaturge (level 11, -1/56 HPs)
             Began as a Deep Elf Fire Elementalist on Mar 8, 2018.
             Was an Elder of Sif Muna.
             Hit by a large rock thrown by a cyclops (46 damage)
             ... on level 11 of the Dungeon on Mar 9, 2018.
             The game lasted 00:41:25 (11923 turns).

nikopol the Thaumaturge (DEFE)                     Turns: 11923, Time: 00:41:26

Health: -1/56      AC:  9    Str:  5    XL:     11   Next: 13%
Magic:  4/29       EV: 14    Int: 29    God:    Sif Muna [****..]
Gold:   438        SH:  0    Dex: 15    Spells: 20/35 levels left

rFire    . . .     SeeInvis .   E - staff of wizardry
rCold    . . .     Gourm    .   (no shield)
rNeg     . . .     Faith    .   B - +2 robe
rPois    .         Spirit   .   x - +0 helmet
rElec    .         Reflect  .   (no cloak)
rCorr    .         Harm     .   g - +0 pair of gloves
MR       +....                  D - +2 pair of boots
Stlth    +++.......             (no amulet)
HPRegen  0.18/turn              C - +2 ring of intelligence
MPRegen  0.21/turn              p - +3 ring of intelligence

@: divine energy
A: no striking features
a: Stop Divine Energy, Channel Magic, Forget Spell, Renounce Religion


You were on level 11 of the Dungeon.
You worshipped Sif Muna.
Sif Muna was greatly pleased with you.
You were not hungry.

You visited 2 branches of the dungeon, and saw 12 of its levels.

You collected 685 gold pieces.
You spent 247 gold pieces at shops.

Inventory:

Armour
 g - a +0 pair of gloves (worn)
 x - a +0 helmet (worn)
 B - a +2 robe (worn)
 D - a +2 pair of boots (worn)
Magical Staves
 E - an uncursed staff of wizardry (weapon)
Jewellery
 e - an uncursed ring of ice
 p - a +3 ring of intelligence (right hand)
 C - a +2 ring of intelligence (left hand)
 J - an uncursed ring of protection from fire {unknown}
 N - a cursed amulet of inaccuracy {unknown}
Wands
 h - a wand of flame (69)
 j - a wand of polymorph (15)
 r - a wand of disintegration (15)
 H - a wand of random effects (64)
 M - a wand of acid (10)
Scrolls
 a - 2 scrolls of fog {unknown}
 f - 3 scrolls of remove curse
 k - 2 scrolls of enchant weapon
 l - 5 scrolls of teleportation
 m - 2 scrolls of amnesia
 n - 2 scrolls of fear {unknown}
 o - 2 scrolls of magic mapping {unknown}
 v - 3 scrolls of immolation {unknown}
 y - 3 scrolls of enchant armour {unknown}
 z - a scroll of noise {unknown}
 F - 2 scrolls of identify
 I - a scroll of blinking {unknown}
 K - a scroll of holy word {unknown}
Potions
 b - 2 potions of mutation
 d - a potion of magic
 i - 4 potions of heal wounds
 q - a potion of invisibility
 s - 3 potions of agility
 t - a potion of ambrosia
 u - 3 potions of haste
 w - a potion of resistance {unknown}
 A - 3 potions of brilliance
 G - 2 potions of berserk rage {unknown}
 L - a potion of flight {unknown}
Comestibles
 c - 20 rations
 O - 6 chunks of flesh


   Skills:
 + Level 1.5 Fighting
 + Level 0.6 Staves
 + Level 4.1 Dodging
 + Level 4.7 Stealth
 + Level 12.8 Spellcasting
 + Level 10.2 Conjurations
 + Level 10.9 Fire Magic
 + Level 0.5 Evocations


You had 20 spell levels left.
You knew the following spells:

 Your Spells              Type           Power        Failure   Level  Hunger
a - Flame Tongue          Conj/Fire      #####        1%          1    None
b - Throw Flame           Conj/Fire      ######       1%          2    None
c - Conjure Flame         Conj/Fire      ######..     1%          3    None
d - Sticky Flame          Conj/Fire      ######..     1%          4    None
e - Fireball              Conj/Fire      ######....   1%          5    ##.....


Dungeon Overview and Level Annotations

Branches:
Dungeon (11/15)            Temple (1/1) D:6             Orc (0/2) D:10
   Lair: D:8-11

Altars:
Ashenzari
Cheibriados
Dithmenos
Elyvilon
Fedhas
Gozag
Hepliaklqana
Kikubaaqudgha
Makhleb
Nemelex Xobeh
Okawaru
Qazlal
Ru
Sif Muna
Trog
Uskayaw
Vehumet
Wu Jian
Xom
Yredelemnul
Zin
The Shining One

Shops:
D:6 !   D:9 [


Message History

Aiming: Flame Tongue (safe; 1% risk of failure)
Press: ? - help, Shift-Dir - straight line, f/p - yak
Aim: a yak (flame, heavily wounded, covered in liquid flames)
The flame tongue hits the yak.
The yak is severely wounded.
The yak burns!
The yak is engulfed in blazing flames.
You kill the yak!
Sif Muna accepts your kill.
Things that are here:
a yak corpse; a crocodile corpse You butcher the yak corpse.
O - 6 chunks of flesh (gained 4)
You see here a crocodile corpse.
A basilisk comes into view.
A porcupine comes into view.
A cyclops comes into view.
The cyclops shouts!
The cyclops throws a large rock.
The large rock hits you!!!
Ouch! That really hurt!
You die...

...........# ...........#
...........# ...........#
.... ...........# ......
....>......# ......
.......<...##########...r..
..........................
...............@..........
......................##
......................#
........C.............#
......................#
...######......######.# ..
#......+ #.# t #......# #†#
..r #......# #†###..Y:.


You could see a cyclops.

Vanquished Creatures
  Snorg (D:11)
  A two-headed ogre (D:8)
  The ghost of Fingolfin the Ducker, a novice DgWz (D:9)
  3 hornets (D:10)
  2 trolls
  Grinder (D:4)
  4 yaks
  3 hogs (D:7)
  A basilisk (D:11)
  A human (D:7)
  2 hungry ghosts
  Duvessa (D:5)
  A meliai simulacrum (D:10)
  3 orc warriors
  2 ice beasts
  A necrophage (D:10)
  4 centaurs
  2 phantoms
  A crocodile (D:11)
  4 bullfrogs
  A big kobold (D:9)
  Dowan (D:5)
  3 scorpions
  A water moccasin skeleton (D:10)
  7 killer bees
  5 wights (D:6)
  An electric eel (D:9)
  2 centaur zombies
  2 hounds (D:8)
  A quasit (D:7)
  7 orc priests
  A bullfrog skeleton (D:6)
  10 orc wizards
  Jessica (D:2)
  2 iguanas
  11 worker ants
  A worker ant zombie (D:6)
  A howler monkey zombie (D:10)
  7 adders
  7 gnolls
  A shadow imp (D:6)
  3 adder skeletons
  A worm (D:3)
  3 dart slugs
  2 leopard geckos
  29 orcs
  11 bats
  3 giant cockroaches (D:3)
  8 goblins
  8 hobgoblins
  4 jackals (D:2)
  7 kobolds
  2 quokkas (D:6)
  2 ball pythons (D:3)
  2 frilled lizards
  A quokka zombie (D:5)
  6 rats
204 creatures vanquished.

Vanquished Creatures (others)
  A fungus (D:11)
  2 plants (D:11)
3 creatures vanquished.

Grand Total: 207 creatures vanquished

Notes
Turn   | Place    | Note
-------+----------+-------------------------------------------
     0 | D:1      | nikopol the Deep Elf Fire Elementalist began the quest for the Orb.
     0 | D:1      | Reached XP level 1. HP: 10/10 MP: 6/6
   235 | D:1      | Reached XP level 2. HP: 15/15 MP: 6/8
   239 | D:1      | Learned a level 2 spell: Throw Flame
   563 | D:1      | Found a sparkling altar of Nemelex Xobeh.
   807 | D:2      | Found a hazy altar of Hepliaklqana.
   875 | D:2      | Noticed Jessica
   925 | D:2      | Killed Jessica
   925 | D:2      | Reached XP level 3. HP: 19/19 MP: 3/10
   930 | D:2      | Learned a level 3 spell: Conjure Flame
  1181 | D:2      | Reached XP level 4. HP: 24/24 MP: 8/11
  1615 | D:3      | Noticed a phantom
  1623 | D:3      | Reached skill level 4 in Spellcasting
  1655 | D:3      | Killed a phantom
  1655 | D:3      | Reached XP level 5. HP: 17/28 MP: 4/13
  1805 | D:3      | Learned a level 4 spell: Sticky Flame
  1810 | D:3      | Found a glowing golden altar of the Shining One.
  1946 | D:3      | Found a bloodstained altar of Trog.
  2113 | D:3      | Reached skill level 5 in Fire Magic
  2358 | D:3      | Reached skill level 5 in Spellcasting
  2481 | D:3      | Reached XP level 6. HP: 15/32 MP: 4/15
  2506 | D:3      | Learned a level 5 spell: Fireball
  2847 | D:4      | Found a radiant altar of Vehumet.
  3386 | D:4      | Reached skill level 6 in Spellcasting
  3396 | D:4      | Found a stormy altar of Qazlal.
  3397 | D:4      | Noticed a fire elemental
  3407 | D:4      | Noticed an air elemental
  3418 | D:4      | Noticed Grinder
  3438 | D:4      | Killed Grinder
  3438 | D:4      | Reached XP level 7. HP: 33/37 MP: 5/19
  3561 | D:4      | Noticed a water elemental
  3950 | D:5      | Entered Level 5 of the Dungeon
  3998 | D:5      | Found a hide-covered altar of Uskayaw.
  4000 | D:5      | Noticed a hand axe
  4000 | D:5      | Noticed a hand axe
  4046 | D:5      | Found an ancient bone altar of Kikubaaqudgha.
  4293 | D:5      | Noticed Duvessa
  4329 | D:5      | Upgraded the game from 0.22-a0-266-g5fdf0d7 to 0.22-a0-268-g1cc83ef
  4334 | D:5      | Killed Duvessa
  4334 | D:5      | Reached skill level 7 in Spellcasting
  4347 | D:5      | Noticed Dowan
  4474 | D:5      | Killed Dowan
  5455 | D:6      | Reached XP level 8. HP: 42/42 MP: 12/21
  5460 | D:6      | Reached skill level 8 in Spellcasting
  5597 | D:6      | Reached skill level 1 in Fighting
  5765 | D:6      | Reached skill level 5 in Conjurations
  5988 | D:6      | Found Nuwnuon's Distillery.
  5995 | D:6      | Bought a potion of haste for 130 gold pieces
  5995 | D:6      | Bought a potion of heal wounds for 65 gold pieces
  5995 | D:6      | Bought a potion of brilliance for 52 gold pieces
  6033 | D:6      | Found a snail-covered altar of Cheibriados.
  6354 | D:6      | Found a staircase to the Ecumenical Temple.
  6360 | Temple   | Entered the Ecumenical Temple
  6365 | Temple   | Became a worshipper of Sif Muna the Loreminder
  6602 | D:6      | Found a blossoming altar of Fedhas.
  6731 | D:7      | Reached skill level 9 in Spellcasting
  6735 | D:7      | Reached XP level 9. HP: 47/47 MP: 6/24
  6737 | D:7      | Reached * piety under Sif Muna
  7032 | D:7      | Found a shadowy altar of Dithmenos.
  7719 | D:8      | Found a white marble altar of Elyvilon.
  8030 | D:8      | Reached skill level 10 in Spellcasting
  8268 | D:8      | Reached ** piety under Sif Muna
  8393 | D:8      | Noticed a two-headed ogre
  8405 | D:8      | Killed a two-headed ogre
  8405 | D:8      | Reached skill level 11 in Spellcasting
  8793 | D:8      | Reached XP level 10. HP: 52/52 MP: 21/27
  9313 | D:9      | Noticed Fingolfin's ghost (novice DgWz)
  9544 | D:9      | Found Kuzeeqem's Armour Shoppe.
 10268 | D:9      | Killed Fingolfin's ghost
 10268 | D:9      | Reached *** piety under Sif Muna
 10268 | D:9      | Reached skill level 10 in Fire Magic
 10708 | D:10     | Entered Level 10 of the Dungeon
 10951 | D:10     | Reached skill level 12 in Spellcasting
 11371 | D:10     | Found a staircase to the Orcish Mines.
 11654 | D:11     | Noticed Snorg
 11660 | D:11     | Killed Snorg
 11660 | D:11     | Reached **** piety under Sif Muna
 11660 | D:11     | Reached skill level 10 in Conjurations
 11660 | D:11     | Reached XP level 11. HP: 31/56 MP: 10/29
 11923 | D:11     | Hit by a large rock thrown by a cyclops

Vault maps used:
D:1:      dpeg_arrival_castle, nemelex_diamond_rough_becter
D:2:      nicolae_overflow_crystal_walls, uniq_jessica
D:3:      lemuel_crystal_altar, bloody_trog
D:4:      nicolae_qazlal_style_of_elements, nicolae_overflow_hidden_temple,
          first_ration, uniq_grinder
D:5:      kiku_gazebo_pond_becter, dancing_weapons_uskayaw,
          corexii_corridor_pit, uniq_duvessa
D:6:      lemuel_round_altar, fedhas_bush_and_centaur_altar,
          minmay_temple_entry_fiery, serial_shops, nicolae_shop_stone
D:7:      nicolae_dithmenos_shadow_blocks, grunt_livestock
D:8:      kennysheep_mini_moat
D:9:      serial_shops, nicolae_shop_stone, minivault_4
D:10:     orc_0_dummy
D:11:     minmay_lair_entry_grove, uniq_snorg
Temple:   minmay_freezing_vapour_temple

Skill      XL: |  1  2  3  4  5  6  7  8  9 10 |
---------------+-------------------------------+-----
Fire Magic     | 4 5 6 7 9 10 | 10.9
Spellcasting   | 4 5 6 7 9 11 12 | 12.8
Dodging        | 3 4 |  4.1
Conjurations   | 2 3 4 6 8 10 | 10.2
Stealth        | 3 4 |  4.7
Fighting       | 1 |  1.5
Staves         | |  0.6
Evocations     | |  0.5

Action                   |  1- 3 |  4- 6 |  7- 9 | 10-12 || total
-------------------------+-------+-------+-------+-------++-------
Melee: Unarmed           |       |     1 |       |       ||     1
       Staff             |       |       |    28 |       ||    28
 Cast: Flame Tongue      |    47 |   123 |   206 |   115 ||   491
       Throw Flame       |       |     4 |    12 |    18 ||    34
       Conjure Flame     |       |     2 |    13 |     8 ||    23
       Sticky Flame      |       |     1 |    12 |    15 ||    28
       Fireball          |       |       |     9 |    21 ||    30
Invok: Divine Energy     |       |       |       |     1 ||     1
Evoke: Wand              |       |       |     4 |       ||     4
  Use: Scroll            |       |     4 |     6 |       ||    10
       Potion            |       |       |     2 |       ||     2
  Eat: Chunk             |     1 |     7 |    11 |     4 ||    23
       Ration            |       |       |     2 |     2 ||     4
Armor: Robe              |     1 |     4 |    23 |     6 ||    34
       Skin              |     2 |       |       |       ||     2
Dodge: Dodged            |    12 |    34 |    47 |    15 ||   108

Table legend:
 A = Spawn XP
 B = Non-spawn XP
 C = Spawn XP percentage of total XP
 D = Spawn monster count
 E = Non-spawn monster count
 F = Spawn count percentage of total count
 G = Total turns spent on level
                    A         B        C        D         E        F      G
               +---------+---------+-------+---------+---------+-------+---------
         Total |       0 |   12450 |   0.0 |       0 |     204 |   0.0 | 11923
               +---------+---------+-------+---------+---------+-------+---------
           D:1 |       0 |      31 |   0.0 |       0 |      14 |   0.0 |   772
           D:2 |       0 |      85 |   0.0 |       0 |      21 |   0.0 |   835
           D:3 |       0 |     273 |   0.0 |       0 |      34 |   0.0 |  1220
           D:4 |       0 |     521 |   0.0 |       0 |       9 |   0.0 |  1162
           D:5 |       0 |     383 |   0.0 |       0 |       9 |   0.0 |  1329
           D:6 |       0 |    1020 |   0.0 |       0 |      29 |   0.0 |  1338
           D:7 |       0 |    1186 |   0.0 |       0 |       9 |   0.0 |   991
           D:8 |       0 |    2163 |   0.0 |       0 |      26 |   0.0 |  1834
           D:9 |       0 |    2232 |   0.0 |       0 |      26 |   0.0 |  1216
          D:10 |       0 |    2356 |   0.0 |       0 |      14 |   0.0 |  1080
          D:11 |       0 |    2200 |   0.0 |       0 |      13 |   0.0 |   135
               +---------+---------+-------+---------+---------+-------+---------
